 Dungeon Crawl Stone Soup version 0.29.0-4-gdea44cf6ec (webtiles) character file.

Game seed: 3803263903215038722

2755 qw the Cleaver (level 9, -7/60 HPs)
             Began as a Tengu Warper on Aug 28, 2022.
             Was a Believer of Okawaru.
             Mangled by an orc warrior
             ... wielding a +0 trident
              (13 damage)
             ... on level 7 of the Dungeon.
             The game lasted 00:00:41 (8381 turns).

qw the Cleaver (Tengu Warper)                       Turns: 8381, Time: 00:00:42

Health: -7/60      AC: 15    Str: 16    XL:     9   Next: 68%
Magic:  16/16      EV: 13    Int: 13    God:    Okawaru [**....]
Gold:   190        SH:  5    Dex: 14    Spells: 12/12 levels left

rFire   . . .      SeeInvis .   Y - +0 war axe
rCold   . . .      Faith    .   (no shield)
rNeg    . . .      Spirit   .   a - +0 plate armour
rPois   +          Reflect  +   (helmet restricted)
rElec   .          Harm     .   l - +0 cloak
rCorr   .          Rampage  .   (no gloves)
Will    .....                   (boots unavailable)
Stlth   ..........              d - amulet of reflection
HPRegen 0.20/turn               q - ring of poison resistance
MPRegen 0.15/turn               j - +4 ring of evasion

@: about to teleport, heroic, flying quickly and evasively, quick
A: beak, talons 3, nimble flight
a: Renounce Religion, Heroism


You were on level 7 of the Dungeon.
You worshipped Okawaru.
Okawaru was pleased with you.
You visited 2 branches of the dungeon, and saw 8 of its levels.

You collected 385 gold pieces.
You spent 195 gold pieces at shops.


Innate Abilities, Weirdness & Mutations

You have a beak for a mouth.
You have claws for feet.
Your magical nature lets you fly swiftly and evasively.


   Skills:
 - Level 9.3(14.3) Fighting
 + Level 9.6(14.6) Axes
 - Level 2.1(7.1) Throwing
 - Level 4.0(9.0) Armour
 - Level 2.1(7.1) Dodging
 - Level 2.0 Spellcasting
 - Level 2.4 Translocations
 - Level 8.3 Invocations


You had 12 spell levels left.
You didn't know any spells.
Your spell library contained the following spells:

 Spells                   Type           Power      Damage    Failure   Level
 Blink                    Tloc           14%        N/A       99%         2
 Gell's Gravitas          Tloc           7%         N/A       100%        3
 Lesser Beckoning         Tloc           7%         N/A       100%        3
 Teleport Other           Tloc           7%         N/A       100%        3
 Manifold Assault         Tloc           7%         N/A       100%        5

Inventory:

Hand Weapons
 p - a +0 flail
 Y - a +0 war axe (weapon)
Missiles
 k - 5 javelins (quivered)
Armour
 a - a +0 plate armour (worn)
 l - a +0 cloak (worn)
Jewellery
 c - an amulet of guardian spirit
 d - an amulet of reflection (around neck)
 h - a ring of willpower
 j - a +4 ring of evasion (right hand)
 m - a ring of resist corrosion
 q - a ring of poison resistance (left hand)
 r - a ring of see invisible
Scrolls
 b - a scroll of identify
Potions
 e - a potion of might
 f - 2 potions of curing
 g - 2 potions of mutation
 n - a potion of degeneration {unknown}
 o - a potion of attraction {unknown}
 s - a potion of haste {unknown}

Dungeon Overview and Level Annotations

Branches:
Dungeon (7/15)             Temple (1/1) D:4

Altars:
Ashenzari
Cheibriados
Dithmenos
Elyvilon
Hepliaklqana
Makhleb
Nemelex Xobeh
Okawaru
Ru
Sif Muna
Uskayaw
Vehumet
Xom
Zin
The Shining One

Shops:
D:4 :=   D:5 *


Message History

Okawaru accepts your kill.
You closely miss the hound. The hound barely misses you.
The bullfrog hits you but does no damage.
You closely miss the hound. Your kick misses the hound.
The hound is heavily wounded.
You completely miss the bullfrog. You block the hound's attack.
The orc warrior hits you from afar with a +0 trident.
The bullfrog hits you but does no damage.
You slice the hound!!
You kill the hound!
Okawaru accepts your kill.
You slash the bullfrog! You block the orc warrior's attack.
The bullfrog hits you.
You barely miss the bullfrog.
The bullfrog is heavily wounded.
The bullfrog hits you but does no damage.
The orc warrior barely misses you.
You hit the bullfrog. Your kick misses the bullfrog.
The bullfrog is heavily wounded.
You block the bullfrog's attack.
The orc warrior hits you from afar with a +0 trident!
8378 ||| READING scroll of teleportation.
As you read the scroll of teleportation, it crumbles to dust.
You feel strangely unstable.
The bullfrog hits you but does no damage. x2
You block the orc warrior's attack.
You closely miss the bullfrog. Your kick misses the bullfrog.
Your peck misses the bullfrog.
The bullfrog is heavily wounded.
The bullfrog hits you.
You completely miss the bullfrog. You claw the bullfrog. You peck the bullfrog.
The bullfrog is severely wounded.
The orc warrior closely misses you. The bullfrog hits you.
You slice the bullfrog!!
You kill the bullfrog!
Okawaru accepts your kill.
The orc warrior hits you from afar with a +0 trident!
You die...

####
...##################...
#....)@...............#
.....#%############....#
... .o. .....# #....# .
#... #.##.#####.....
#.#. #.##..........#
.... #.##.#####....# ..
#. #..#.# #..... #.. #.
#..#.#####..... ..
#..##..............


You could see an orc warrior.

Vanquished Creatures
  A water moccasin (D:5)
  A black bear (D:4)
  2 sky beasts
  An ogre (D:6)
  2 centaurs (D:7)
  2 kobold brigands (D:7)
  5 bullfrogs
  A scorpion (D:7)
  5 wights (D:7)
  6 killer bees (D:7)
  3 jellies
  An orc priest (D:6)
  2 hounds (D:7)
  Jessica (D:3)
  4 orc wizards
  4 iguanas
  8 adders
  4 gnolls (D:3)
  3 shadow imps
  2 worms
  12 orcs
  3 ball pythons
  11 endoplasms
  2 giant cockroaches
  A hobgoblin (D:1)
  4 quokkas
  5 bats
  3 frilled lizards
  6 goblins
  11 kobolds
  4 rats
120 creatures vanquished.

Vanquished Creatures (others)
  6 fungi (D:3)
6 creatures vanquished.

Grand Total: 126 creatures vanquished

Notes
Turn   | Place    | Note
-------+----------+-------------------------------------------
     0 | D:1      | qw the Tengu Warper began the quest for the Orb.
     0 | D:1      | Reached XP level 1. HP: 12/12 MP: 4/4
     0 | D:1      | 0 ||| qw: Version: 0.1-a-89-g26bdef1
     0 | D:1      | 0 ||| qw: Game counter: 3114
     0 | D:1      | 0 ||| qw: Always use a shield: true
     0 | D:1      | 0 ||| qw: God list: Okawaru
     0 | D:1      | 0 ||| qw: Allow faded altars: false
     0 | D:1      | 0 ||| qw: Do Orc after D:15 true
     0 | D:1      | 0 ||| qw: Do second Lair branch before Depths: true
     0 | D:1      | 0 ||| qw: Lair rune preference: random
     0 | D:1      | 0 ||| qw: Plans: Normal
     0 | D:1      | 0 ||| PLANNING D:1-11
    84 | D:1      | Found a faded altar of an unknown god.
   125 | D:1      | Reached XP level 2. HP: 17/17 MP: 6/6
   171 | D:1      | Reached skill level 3 in Axes
   457 | D:1      | 457 ||| Stepping ~*~*~tactically~*~*~ (stealth).
   458 | D:1      | 458 ||| Stepping ~*~*~tactically~*~*~ (stealth).
   470 | D:1      | 470 ||| Stepping ~*~*~tactically~*~*~ (stealth).
   471 | D:1      | 471 ||| Stepping ~*~*~tactically~*~*~ (stealth).
  1244 | D:1      | 1244 ||| UPGRADING to +0 cloak.
  1249 | D:1      | 1249 ||| UPGRADING to amulet of reflection.
  1254 | D:1      | 1254 ||| READING scroll labelled UFUKIJ OW ZORY.
  1255 | D:1      | 1255 ||| READING scroll labelled YSY WAPNURO.
  1260 | D:1      | 1260 ||| READING scroll labelled AHAGRA SEUNT.
  1261 | D:1      | 1261 ||| READING scroll labelled LENUCW UTAPS.
  1262 | D:1      | 1262 ||| DROPPING scroll of blinking.
  1305 | D:2      | Reached XP level 3. HP: 21/21 MP: 7/7
  1636 | D:2      | 1636 ||| UPGRADING to +0 plate armour.
  1646 | D:2      | 1646 ||| DROPPING +0 leather armour.
  1647 | D:2      | 1647 ||| UPGRADING to ring of resist corrosion.
  1648 | D:2      | 1648 ||| READING scroll labelled WELEPN BEXZIPH.
  1649 | D:2      | 1649 ||| READING scroll labelled MOEZOX PAPLU.
  1650 | D:2      | 1650 ||| Stepping randomly (stuck).
  1651 | D:2      | 1651 ||| Stepping ~*~*~tactically~*~*~ (cloud).
  1653 | D:2      | HP: 5/21 [poisoned by you (poison gas)]
  1656 | D:2      | HP: 2/21 [poisoned by you (poison gas)]
  2097 | D:3      | Reached XP level 4. HP: 26/26 MP: 8/8
  2125 | D:3      | Found a shimmering blue altar of Sif Muna.
  2390 | D:3      | 2390 ||| DROPPING +0 club.
  2421 | D:3      | Noticed Jessica
  2428 | D:3      | Killed Jessica
  2429 | D:3      | Gained mutation: Your magical nature lets you fly swiftly
                  | and evasively. [Tengu growth]
  2429 | D:3      | Reached XP level 5. HP: 25/30 MP: 9/9
  2986 | D:3      | 2986 ||| DROPPING +0 mace.
  2987 | D:3      | 2987 ||| UPGRADING to +4 ring of evasion.
  2988 | D:3      | 2988 ||| READING 2 scrolls labelled VYOMOB QEMNEWE.
  2989 | D:3      | 2989 ||| READING 2 scrolls of identify.
  2989 | D:3      | 2989 ||| IDENTIFYING glowing red potion
  2990 | D:3      | 2990 ||| DROPPING potion of flight.
  2991 | D:3      | 2991 ||| DROPPING scroll of immolation.
  3247 | D:4      | 3247 ||| Stepping ~*~*~tactically~*~*~ (hiding).
  3262 | D:4      | Reached skill level 6 in Axes
  3455 | D:4      | Found a staircase to the Ecumenical Temple.
  3456 | D:4      | 3456 ||| PLANNING TEMPLE
  3456 | D:4      | 3456 ||| SWAPPING to +0 war axe.
  3457 | D:4      | 3457 ||| DROPPING +1 hand axe.
  3458 | D:4      | 3458 ||| READING 3 scrolls of identify.
  3458 | D:4      | 3458 ||| IDENTIFYING ruby potion
  3459 | D:4      | 3459 ||| READING 2 scrolls of identify.
  3459 | D:4      | 3459 ||| IDENTIFYING fuming yellow potion
  3465 | Temple   | Entered the Ecumenical Temple
  3470 | Temple   | Became a worshipper of Warmaster Okawaru
  3506 | Temple   | 3506 ||| PLANNING D:1-11
  3506 | Temple   | 3506 ||| READING scroll labelled MOM QOUTHRYWUVU.
  3738 | D:4      | 3738 ||| Stepping ~*~*~tactically~*~*~ (stealth).
  3938 | D:4      | Reached XP level 6. HP: 28/35 MP: 10/10
  4167 | D:4      | Noticed a black bear
  4178 | D:4      | Killed a black bear
  4179 | D:4      | Reached skill level 3 in Armour
  4311 | D:4      | Found Sejamis's Jewellery Shop.
  4317 | D:4      | 4317 ||| SHOPLISTING +4 ring of protection (468 gold, have
                  | 204).
  4317 | D:4      | 4317 ||| SHOPLISTING ring "Nutajavi" {rPois Will+ Str+2
                  | SInv} (468 gold, have 204).
  4317 | D:4      | 4317 ||| SHOPLISTING ring of fire (325 gold, have 204).
  4317 | D:4      | 4317 ||| SHOPLISTING ring of ice (325 gold, have 204).
  4317 | D:4      | 4317 ||| SHOPLISTING ring of poison resistance (260 gold,
                  | have 204).
  4317 | D:4      | 4317 ||| SHOPLISTING ring of protection from fire (325
                  | gold, have 204).
  4317 | D:4      | 4317 ||| BUYING ring of see invisible (195 gold).
  4317 | D:4      | Bought a ring of see invisible for 195 gold pieces
  4447 | D:4      | Found Hexu's Book Boutique.
  4519 | D:4      | 4519 ||| UPGRADING to ring of poison resistance.
  4521 | D:4      | 4521 ||| READING scroll labelled GUDENEN VIDGH.
  4522 | D:4      | 4522 ||| READING 2 scrolls of identify.
  4522 | D:4      | 4522 ||| IDENTIFYING viscous clear potion
  4585 | D:4      | 4585 ||| READING 2 scrolls of teleportation.
  4586 | D:4      | 4586 ||| STAIRDANCE
  4604 | D:5      | Entered Level 5 of the Dungeon
  4648 | D:5      | Found Noredek's Serpentskin Sales.
  4648 | D:5      | Noticed a water moccasin
  4659 | D:5      | Killed a water moccasin
  4659 | D:5      | Reached * piety under Okawaru
  4660 | D:5      | Reached XP level 7. HP: 26/40 MP: 11/11
  4772 | D:5      | 4772 ||| SHOPLISTING ring of poison resistance (260 gold,
                  | have 61).
  4783 | D:5      | Found a sparkling altar of Nemelex Xobeh.
  4821 | D:5      | 4821 ||| FLEEEEING.
  4822 | D:5      | 4822 ||| FLEEEEING.
  4908 | D:5      | Reached skill level 1 in Invocations
  5039 | D:5      | 5039 ||| Stepping ~*~*~tactically~*~*~ (hiding).
  5239 | D:5      | 5239 ||| INVOKING Heroism.
  5462 | D:5      | 5462 ||| DRINKING 2 brown potions.
  5511 | D:5      | 5511 ||| READING 2 scrolls of identify.
  5511 | D:5      | 5511 ||| IDENTIFYING murky black potion
  5512 | D:5      | 5512 ||| DRINKING potion of experience.
  5512 | D:5      | Reached skill level 9 in Fighting
  5512 | D:5      | Reached XP level 8. HP: 56/56 MP: 11/15
  5541 | D:5      | 5541 ||| DROPPING potion of lignification.
  5595 | D:4      | 5595 ||| READING scroll of teleportation.
  5782 | D:6      | 5782 ||| INVOKING Heroism.
  6328 | D:6      | 6328 ||| Stepping ~*~*~tactically~*~*~ (hiding).
  6329 | D:6      | 6329 ||| Stepping ~*~*~tactically~*~*~ (hiding).
  6442 | D:6      | 6442 ||| Stepping ~*~*~tactically~*~*~ (stealth).
  6445 | D:6      | 6445 ||| Stepping ~*~*~tactically~*~*~ (stealth).
  6454 | D:6      | 6454 ||| Stepping ~*~*~tactically~*~*~ (stealth).
  6457 | D:6      | 6457 ||| Stepping ~*~*~tactically~*~*~ (hiding).
  6459 | D:6      | 6459 ||| Stepping ~*~*~tactically~*~*~ (hiding).
  6461 | D:6      | 6461 ||| INVOKING Heroism.
  6797 | D:7      | Found a hazy altar of Hepliaklqana.
  6889 | D:7      | 6889 ||| INVOKING Heroism.
  7117 | D:7      | 7117 ||| Stepping ~*~*~tactically~*~*~ (stealth).
  7118 | D:7      | 7118 ||| INVOKING Heroism.
  7121 | D:7      | 7121 ||| Stepping ~*~*~tactically~*~*~ (hiding).
  7122 | D:7      | 7122 ||| Stepping ~*~*~tactically~*~*~ (stealth).
  7123 | D:7      | 7123 ||| Stepping ~*~*~tactically~*~*~ (hiding).
  7132 | D:7      | Reached XP level 9. HP: 45/60 MP: 14/16
  7313 | D:7      | 7313 ||| INVOKING Heroism.
  7449 | D:7      | 7449 ||| INVOKING Heroism.
  7455 | D:7      | Reached skill level 9 in Axes
  7614 | D:7      | 7614 ||| Stepping ~*~*~tactically~*~*~ (stealth).
  7695 | D:7      | 7695 ||| INVOKING Heroism.
  7749 | D:7      | 7749 ||| Stepping ~*~*~tactically~*~*~ (hiding).
  7753 | D:7      | 7753 ||| INVOKING Heroism.
  7864 | D:7      | Found a burning altar of Makhleb.
  7868 | D:7      | 7868 ||| INVOKING Heroism.
  7880 | D:7      | Reached ** piety under Okawaru
  8067 | D:7      | Found a glowing silver altar of Zin.
  8070 | D:7      | Noticed an angel
  8071 | D:7      | Noticed a balrug
  8077 | D:7      | 8077 ||| INVOKING Heroism.
  8161 | D:7      | Found a shadowy altar of Dithmenos.
  8361 | D:7      | 8361 ||| INVOKING Heroism.
  8377 | D:7      | HP: 13/60 [orc warrior/+0 trident (12)]
  8378 | D:7      | 8378 ||| READING scroll of teleportation.
  8380 | D:7      | HP: 5/60 [bullfrog (4)]
  8381 | D:7      | Mangled by an orc warrior

Levels and vault maps discovered:
D:1:      dpeg_arrival_simpleton_c, layout_basic,
          hellmonk_ecumenical_altar_crossroads
D:2:      layout_rooms
D:3:      layout_rooms, mainiacjoe_overflow_chevrons, uniq_jessica
D:4:      layout_loops_corners, minmay_temple_entry_statues_pillars,
          serial_shops, kennysheep_mini, shop, kennysheep_opposing_triangles
D:5:      layout_rooms, nicolae_overflow_crystal_walls, nicolae_hexahallways,
          guppyfry_shop_venom
D:6:      layout_basic
D:7:      layout_basic, grunt_temple_overflow_order_and_chaos_2,
          mainiacjoe_overflow_concentric_impassable,
          mainiacjoe_overflow_catwalk, minmay_bent
Temple:   nicolae_temple_ecumenical_triangle

Skill      XL: |  1  2  3  4  5  6  7  8  9 |
---------------+----------------------------+-----
Axes           | 3 4 5 6 7 8 9 |  9.6
Armour         | 2 3 4 |  4.0
Invocations    | 8 |  8.3
Fighting       | 9 |  9.3
Throwing       | 2 |  2.1
Dodging        | |  2.1
Spellcasting   | |  2.0
Translocations | |  2.4

Action                   |  1- 3 |  4- 6 |  7- 9 || total
-------------------------+-------+-------+-------++-------
Melee: Hand axe          |    56 |    68 |       ||   124
       Kick              |    16 |    23 |    40 ||    79
       Peck              |     7 |    13 |    38 ||    58
       War axe           |       |    33 |   171 ||   204
       Punch             |       |     2 |       ||     2
Throw: Boomerang         |     7 |    14 |     7 ||    28
       Javelin           |       |       |     4 ||     4
Invok: Heroism           |       |       |    12 ||    12
  Use: Scroll            |     6 |     8 |     3 ||    17
       Potion            |       |       |     2 ||     2
Armor: Leather armour    |     8 |       |       ||     8
       Plate armour      |     8 |    58 |    83 ||   149
Dodge: Dodged            |    16 |    27 |    85 ||   128
Block: Other             |     5 |    23 |    38 ||    66
       Reflection        |       |       |     2 ||     2

Table legend:
 A = Non-vault XP
 B = Vault XP
 C = Vault XP percentage of total XP
 D = Non-vault monster count
 E = Vault monster count
 F = Vault count percentage of total count
                 A         B        C        D         E       F
            +---------+---------+-------+---------+---------+-------
      Total |    2714 |     570 |  17.4 |     107 |      13 |  10.8
            +---------+---------+-------+---------+---------+-------
        D:1 |      33 |       0 |   0.0 |      20 |       0 |   0.0
        D:2 |      10 |       0 |   0.0 |       6 |       0 |   0.0
        D:3 |     149 |      37 |  19.9 |      20 |       1 |   4.8
        D:4 |     209 |      19 |   8.3 |      10 |       4 |  28.6
        D:5 |     163 |     160 |  49.5 |      10 |       2 |  16.7
        D:6 |     491 |       0 |   0.0 |      11 |       0 |   0.0
        D:7 |    1659 |     354 |  17.6 |      30 |       6 |  16.7
            +---------+---------+-------+---------+---------+-------
